 Dungeon Crawl Stone Soup version 0.23.2-1-ga50397a6bc (webtiles) character file.

Game seed: 10098445495784920853

3006 DildoBatman the Tainter (level 10, -1/65 HPs)
             Began as a Formicid Wizard on Apr 23, 2019.
             Was an Initiate of Gozag.
             Slain by a wyvern skeleton (2 damage)
             ... animated by the malice of Kikubaaqudgha
             ... on level 8 of the Dungeon on Apr 24, 2019.
             The game lasted 00:34:45 (8208 turns).

DildoBatman the Tainter (Formicid Wizard)           Turns: 8208, Time: 00:34:46

Health: -1/65      AC:  8    Str: 12    XL:     10   Next: 10%
Magic:  3/18       EV: 12    Int: 21    God:    Gozag
Gold:   130        SH:  0    Dex:  9    Spells: 12/20 levels left

rFire    . . .     SeeInvis +   a - +2 short sword
rCold    . . .     Gourm    +   (no shield)
rNeg     + + .     Faith    .   e - +4 leather armour of Royalty {*Drain rN+ Stlth+}
rPois    .         Spirit   .   (helmet unavailable)
rElec    .         Reflect  .   E - +0 cloak
rCorr    .         Harm     .   (no gloves)
MR       +....                  (no boots)
Stlth    +++.......             D - amulet of the gourmand
HPRegen  0.20/turn              (no ring)
MPRegen  0.16/turn              A - ring of positive energy

@: no status effects
A: permanent stasis, dig shafts and tunnels, four strong arms, antennae 3
a: Dig, Shaft Self, Potion Petition, Call Merchant, Bribe Branch, Renounce
Religion


You were on level 8 of the Dungeon.
You worshipped Gozag.
Gozag was aware of your devotion.
You were full.

You visited 2 branches of the dungeon, and saw 9 of its levels.

You collected 892 gold pieces.
You spent 664 gold pieces at shops.
You paid 98 gold pieces to Gozag.

Inventory:

Hand Weapons
 a - a +2 short sword (weapon)
 b - a +1 spear
 c - a +0 hunting sling
Missiles
 f - 209 stones (quivered)
 g - 6 tomahawks
 k - 83 sling bullets
 w - 186 arrows
 H - 66 bolts
 J - 2 curare-tipped needles
Armour
 e - the +4 leather armour of Royalty (worn) {*Drain rN+ Stlth+}
   (You found it on level 6 of the Dungeon)

   It protects you from negative energy.
   It causes draining when unequipped.
   It makes you more stealthy.
 E - a +0 cloak (worn)
Magical Staves
 d - an uncursed staff of wizardry
Jewellery
 A - a ring of positive energy (right hand)
 D - an amulet of the gourmand (around neck)
Wands
 y - a wand of paralysis (10)
Scrolls
 m - a scroll of random uselessness {unknown}
 o - 3 scrolls of fog
 p - 3 scrolls of enchant weapon
 t - a scroll of amnesia {unknown}
 x - 10 scrolls of remove curse
 z - 8 scrolls of identify
 B - a scroll of fear {unknown}
 C - a scroll of noise {unknown}
 G - 2 scrolls of magic mapping {unknown}
 I - a scroll of blinking {unknown}
Potions
 h - 3 potions of berserk rage {unknown}
 i - a potion of invisibility {unknown}
 j - a potion of agility {unknown}
 l - a potion of resistance {unknown}
 n - a potion of flight {unknown}
 q - 3 potions of curing
 r - a potion of mutation {unknown}
 s - 2 potions of brilliance {unknown}
 u - a potion of magic {unknown}
 F - a potion of heal wounds {unknown}
Comestibles
 v - 8 rations


   Skills:
 * Level 1.3 Fighting
 * Level 1.1 Short Blades
 * Level 1.1 Polearms
 * Level 1.3 Armour
 * Level 2.2 Dodging
 * Level 3.1 Stealth
 * Level 5.5 Spellcasting
 * Level 6.1 Conjurations
   Level 1.0 Summonings
 * Level 1.2 Necromancy
   Level 0.8 Translocations
 - Level 4.2 Fire Magic
 * Level 4.1 Air Magic
 - Level 9.0 Poison Magic


You had 12 spell levels left.
You knew the following spells:

 Your Spells              Type           Power        Failure   Level  Hunger
a - Conjure Flame         Conj/Fire      ####....     4%          3    ##.....
b - Shock                 Conj/Air       ####         1%          1    None
c - Magic Dart            Conj           ####         1%          1    None
e - Mephitic Cloud        Conj/Pois/Air  ####....     2%          3    ##.....

Your spell library contained the following spells:

 Spells                   Type           Power        Failure   Level  Hunger
 Static Discharge         Conj/Air       ####....     4%          3    ##.....
 Swiftness                Chrm/Air       ##......     9%          2    None
 Call Imp                 Summ           ##......     13%         2    None
 Slow                     Hex            #.......     21%         2    None
 Airstrike                Air            ###.......   24%         4    ####...
 Lightning Bolt           Conj/Air       ####......   41%         5    #####..
 Blink                    Tloc           Unusable     N/A         2    N/A

Dungeon Overview and Level Annotations

Branches:
Dungeon (8/15)             Temple (1/1) D:5
   Lair: D:8-11

Altars:
Ashenzari
Cheibriados
Dithmenos
Elyvilon
Fedhas
Gozag
Hepliaklqana
Kikubaaqudgha
Nemelex Xobeh
Okawaru
Qazlal
Ru
Sif Muna
Trog
Uskayaw
Vehumet
Wu Jian
Xom
Yredelemnul
Zin
The Shining One

Shops:
D:4 [   D:5 :}*[   D:7 }

Annotations:
D:8 Pikel


Innate Abilities, Weirdness & Mutations

You cannot be hasted, slowed, berserked, paralysed or teleported.
You can dig through walls and to a lower floor.
Your four strong arms can wield two-handed weapons with a shield.
You have a pair of large antennae on your head. (SInv)


Message History

A wight comes into view. It is wielding a +6 dagger.
You hear Kikubaaqudgha cackling.
You smell decay.
You convulse helplessly as pain tears through your body!
Pain shoots through your body!
The dead are walking and flying! 2 skeletons come into view.
The hound is engulfed in dark miasma.
The hound is poisoned.
The hound is engulfed in dark miasma.
The hound looks even sicker.
The hound barely misses you.
The quasit bites you but does no damage.
The quasit misses you.
The quasit claws you but does no damage.
The hound is engulfed in dark miasma.
The hound looks even sicker.
The wyvern skeleton bites you.
You die...
Your body crumbles into a pile of gold.

#[[# # ##K## # ...
#.##.#.# ...
#$##.#.# #.#
#..{...# #z# #
#.{###.####.####.##
#..# #....Z........
#.F###....Z........
#.......ยง5h@.......
#.......###########
#########


You could see a hound, a wight (wandering), a quasit, a wyvern skeleton and a
howler monkey skeleton.

Vanquished Creatures
  An ugly thing (D:6)
  Joseph (D:7)
  Prince Ribbit (D:8)
  Eustachio (D:5)
  Menkaure (D:7)
  2 orc warriors (D:6)
  2 phantoms
  4 slaves (D:8)
  2 sky beasts (D:5)
  An ice beast (D:7)
  An ogre (D:6)
  2 bullfrogs (D:6)
  A komodo dragon skeleton (D:6)
  A wyvern zombie (D:7)
  A wyvern skeleton (D:5)
  3 scorpions
  A troll skeleton (D:6)
  4 wights (D:5)
  4 howler monkeys
  3 crimson imps
  3 jellies
  An orc priest (D:6)
  2 hounds
  A bullfrog skeleton (D:6)
  Crazy Yiuf (D:5)
  5 worker ants
  3 orc wizards (D:6)
  A killer bee zombie (D:7)
  An ogre zombie (D:7)
  2 crocodile zombies (D:7)
  A crocodile skeleton (D:6)
  2 hound zombies
  A hound skeleton (D:5)
  A worker ant zombie (D:7)
  2 howler monkey skeletons
  5 adders
  A scorpion zombie (D:7)
  A shadow imp (D:6)
  An ooze (D:2)
  An adder skeleton (D:4)
  2 iguana skeletons
  2 worms
  A dart slug (D:3)
  2 leopard geckos (D:2)
  14 orcs
  3 giant cockroaches
  2 goblins (D:2)
  3 hobgoblins
  8 jackals
  4 quokkas
  A ball python (D:2)
  3 bats
  3 frilled lizards
  A goblin zombie (D:7)
  A jackal skeleton (D:5)
  5 kobolds
  A leopard gecko skeleton (D:5)
  A leopard gecko zombie (D:6)
  2 orc skeletons
  7 rats
139 creatures vanquished.

Vanquished Creatures (others)
  An adder (D:6)
  An orc (D:6)
2 creatures vanquished.

Grand Total: 141 creatures vanquished

Notes
Turn   | Place    | Note
-------+----------+-------------------------------------------
     0 | D:1      | DildoBatman the Formicid Wizard began the quest for the
                  | Orb.
     0 | D:1      | Reached XP level 1. HP: 13/13 MP: 4/4
    70 | D:1      | Reached skill level 1 in Conjurations
   869 | D:1      | Reached XP level 2. HP: 14/19 MP: 0/6
  1010 | D:2      | You fall through a shaft!
  1541 | D:2      | Found a sacrificial altar of Ru.
  1556 | D:2      | Reached XP level 3. HP: 24/24 MP: 3/7
  1561 | D:2      | Learned a level 3 spell: Conjure Flame
  1565 | D:2      | Learned a level 3 spell: Mephitic Cloud
  1892 | D:2      | Reached XP level 4. HP: 30/30 MP: 1/8
  2280 | D:3      | Found an ancient bone altar of Kikubaaqudgha.
  2287 | D:3      | Became a worshipper of Kikubaaqudgha
  2807 | D:4      | Noticed a phantom
  2933 | D:4      | Reached XP level 5. HP: 31/35 MP: 9/9
  2949 | D:4      | Reached skill level 1 in Fire Magic
  2949 | D:4      | Reached skill level 1 in Poison Magic
  3177 | D:4      | Found Kam Tesh's Antique Armour Shop.
  3199 | D:4      | Reached skill level 1 in Air Magic
  3477 | D:4      | Reached skill level 2 in Poison Magic
  3686 | D:4      | Bought a heavily jewelled robe for 131 gold pieces
  3696 | D:4      | Identified the cursed +1 robe "Faukan" {Int+7} (You bought
                  | it in a shop on level 4 of the Dungeon)
  3720 | D:5      | Entered Level 5 of the Dungeon
  3720 | D:5      | Found Hemaw's Book Shop.
  3748 | D:5      | Reached XP level 6. HP: 41/41 MP: 2/10
  3782 | D:5      | Found Wiememo's Gadget Emporium.
  3783 | D:5      | Found Pixzy's Assorted Antiques.
  3801 | D:5      | Noticed Eustachio
  3898 | D:5      | Killed Eustachio
  3898 | D:5      | Reached skill level 5 in Conjurations
  3898 | D:5      | Reached XP level 7. HP: 20/46 MP: 3/11
  3922 | D:5      | Found Diles's Antique Armour Boutique.
  4174 | D:5      | Found a runed translucent door.
  4175 | D:5      | Noticed Crazy Yiuf
  4553 | D:5      | Found a staircase to the Ecumenical Temple.
  4560 | Temple   | Entered the Ecumenical Temple
  4675 | Temple   | Fell from the grace of Kikubaaqudgha
  4675 | Temple   | Became a worshipper of Gozag Ym Sagoz the Greedy
  4921 | D:5      | Killed Crazy Yiuf
  5063 | D:3      | Reached skill level 3 in Poison Magic
  5063 | D:3      | Reached XP level 8. HP: 46/52 MP: 0/13
  5129 | D:5      | Bought a murky purple potion for 25 gold pieces
  5129 | D:5      | Bought a coppery potion for 25 gold pieces
  5129 | D:5      | Bought a scroll labeled QARAUN OSENGOGH for 28 gold pieces
  5442 | D:5      | Reached skill level 4 in Poison Magic
  6038 | D:6      | Got a dazzling leather armour
  6050 | D:6      | Identified the +4 leather armour of Royalty {*Drain rN+
                  | Stlth+} (You found it on level 6 of the Dungeon)
  6165 | D:6      | Noticed a green ugly thing
  6251 | D:6      | Reached skill level 5 in Poison Magic
  6283 | D:6      | Killed a green ugly thing
  6283 | D:6      | Reached skill level 5 in Spellcasting
  6283 | D:6      | Reached XP level 9. HP: 55/57 MP: 3/17
  6445 | D:6      | Reached skill level 6 in Poison Magic
  6739 | D:6      | Reached skill level 7 in Poison Magic
  7179 | D:7      | Found a hide-covered altar of Uskayaw.
  7261 | D:7      | Noticed Joseph
  7301 | D:7      | Killed Joseph
  7301 | D:7      | Reached skill level 9 in Poison Magic
  7434 | D:5      | Bought a book of Air for 455 gold pieces
  7436 | D:5      | Learned a level 1 spell: Shock
  7469 | D:7      | Found Kesh's Gadget Shop.
  7656 | D:7      | Found a glowing golden altar of the Shining One.
  7675 | D:7      | Noticed Menkaure
  7724 | D:7      | Killed Menkaure
  7724 | D:7      | Reached skill level 1 in Fighting
  7724 | D:7      | Reached skill level 1 in Armour
  7724 | D:7      | Reached skill level 1 in Necromancy
  7724 | D:7      | Reached XP level 10. HP: 19/65 MP: 10/18
  8152 | D:8      | Noticed Pikel
  8190 | D:8      | Reached skill level 1 in Polearms
  8193 | D:8      | Noticed Prince Ribbit
  8201 | D:8      | Killed Prince Ribbit
  8201 | D:8      | Reached skill level 1 in Short Blades
  8206 | D:8      | HP: 1/65 [something (12)]
  8208 | D:8      | Slain by a wyvern skeleton

Skill      XL: |  1  2  3  4  5  6  7  8  9 10 |
---------------+-------------------------------+-----
Conjurations   | 1 2 3 4 5 6 |  6.1
Fire Magic     | 1 2 4 |  4.2
Poison Magic   | 2 3 5 9 |  9.0
Air Magic      | 1 3 4 |  4.1
Spellcasting   | 5 |  5.5
Dodging        | 2 |  2.2
Fighting       | 1 |  1.3
Armour         | 1 |  1.3
Necromancy     | 1 |  1.2
Polearms       | 1 |  1.1
Stealth        | 3 |  3.1
Short Blades   | 1 |  1.1
Summonings     | |  1.0
Translocations | |  0.8

Action                   |  1- 3 |  4- 6 |  7- 9 | 10-12 || total
-------------------------+-------+-------+-------+-------++-------
Melee: Club              |    12 |       |       |       ||    12
       Short sword       |     7 |    39 |    34 |     5 ||    85
       Hunting sling     |       |       |     1 |       ||     1
       Spear             |       |       |   163 |       ||   163
 Fire: Hunting sling     |       |    43 |    81 |       ||   124
 Cast: Magic Dart        |    57 |    66 |   131 |       ||   254
       Mephitic Cloud    |       |     8 |    17 |     3 ||    28
       Conjure Flame     |       |     1 |    37 |     1 ||    39
       Shock             |       |       |    21 |    16 ||    37
 Abil: Dig               |     1 |     1 |    20 |     8 ||    30
  Use: Scroll            |       |     1 |     5 |       ||     6
       Potion            |       |       |     1 |       ||     1
 Stab: Sleeping          |     1 |     1 |       |       ||     2
       Confused          |       |     4 |     4 |       ||     8
  Eat: Chunk             |     9 |     9 |     3 |       ||    21
       Ration            |       |       |     3 |     1 ||     4
Armor: Robe              |     4 |    12 |    10 |       ||    26
       Leather armour    |       |       |    30 |    10 ||    40
Dodge: Dodged            |    15 |    27 |    99 |    13 ||   154
